 Dungeon Crawl Stone Soup version 0.24-a0-520-g8fd06ad0bc (webtiles) character file.

Game seed: 15766996233944372638

55 AarnesTheHuman the Firebug (level 3, -1/29 HPs)
             Began as a Hill Orc Fire Elementalist on July 24, 2019.
             Slain by Natasha (4 damage)
             ... on level 1 of the Dungeon.
             The game lasted 00:08:54 (2084 turns).

AarnesTheHuman the Firebug (HOFE)                   Turns: 2084, Time: 00:08:55

Health: -1/29      AC:  2    Str: 10    XL:     3   Next: 93%
Magic:  4/6        EV: 12    Int: 21    God:
Gold:   71         SH:  0    Dex: 11    Spells: 0/6 levels left

rFire    . . .     SeeInvis .   b - +0 short sword
rCold    . . .     Gourm    .   (no shield)
rNeg     . . .     Faith    .   a - +0 robe
rPois    .         Spirit   .   (no helmet)
rElec    .         Reflect  .   (no cloak)
rCorr    .         Harm     .   (no gloves)
MR       .....                  (no boots)
Stlth    ++........             (no amulet)
HPRegen  0.09/turn              (no ring)
MPRegen  0.10/turn              (no ring)

@: brilliant, very slightly contaminated, slowed, very slow
A: no striking features
a: no special abilities


You were on level 1 of the Dungeon.
You were not hungry.

You visited 1 branch of the dungeon, and saw 2 of its levels.

You collected 71 gold pieces.

Inventory:

Hand Weapons
 b - a +0 short sword (weapon)
Armour
 a - a +0 robe (worn)
 m - a +0 chain mail
 n - a +0 ring mail
 o - a +0 scale mail
Jewellery
 f - an uncursed ring of protection from fire {unknown}
Scrolls
 e - a scroll of noise {unknown}
 i - a scroll of identify {unknown}
 l - a scroll of blinking {unknown}
Potions
 d - a potion of heal wounds {unknown}
 g - 2 potions of brilliance
 h - a potion of curing
 j - a potion of degeneration {unknown}
Comestibles
 c - 3 rations
 k - a chunk of flesh


   Skills:
 + Level 1.9 Fighting
 - Level 1.5 Dodging
 - Level 1.5 Stealth
 + Level 2.0 Spellcasting
 + Level 2.0 Conjurations
 + Level 3.8 Fire Magic


You couldn't memorise any spells.
You knew the following spells:

 Your Spells              Type           Power        Failure   Level  Hunger
a - Flame Tongue          Conj/Fire      ####.        1%          1    #......
b - Throw Flame           Conj/Fire      ####..       1%          2    ##.....
c - Conjure Flame         Conj/Fire      ####....     1%          3    ###....

Your spell library contained the following spells:

 Spells                   Type           Power        Failure   Level  Hunger
 Inner Flame              Hex/Fire       ###.....     2%          3    ###....
 Sticky Flame             Conj/Fire      ####....     5%          4    #####..
 Fireball                 Conj/Fire      ####......   13%         5    ######.


Dungeon Overview and Level Annotations

Branches:
Dungeon (2/15)

Altars:

Annotations:
D:1 exclusion: downstairs, Natasha
D:2 1 exclusion


Message History

You feel yourself slow down. A mysterious force pulls you upwards.
The hatch slams shut behind you.
Level annotation: exclusion: downstairs It was a potion of brilliance.
You feel clever all of a sudden. Natasha closely misses you.
Natasha barely misses you.
Okay, then.
It was a potion of magic.
Magic courses through your body. Natasha closely misses you.
Casting: Flame Tongue (safe; 1% risk of failure)
Confirm with . or Enter, or press ? or * to list all spells.
Aiming: Throw Flame (safe; 1% risk of failure)
Press: ? - help, Shift-Dir - straight line, f - Natasha
Aim: Natasha (moderately wounded)
The puff of flame hits Natasha.
Natasha is heavily wounded.
Natasha casts a spell at you.
You feel as though you will be slow longer.
Natasha claws you.
You die...

.##.###..#...#.......#
.........#.8.#....##.#
.......#.#...#.......###
#####.#..#.8.#...).....#
#####.#.##...#.......#.#
#........#.8.##.>.##.#.#
..###.#.##...##...##.#.#
...#######.>.#######.#.#
...##...........@.#....#
...##..........h..##.[.##
..###......<......##....#
..# #....^........##....###
..# #.............#.......#
..# ###############.......#
..###...#.#...#...........#
...))..............>.....##
.####...#.#..............#


You could see Natasha.

Vanquished Creatures
  An ooze (D:1)
  3 dart slugs
  A ball python (D:1)
  2 giant cockroaches
  3 goblins (D:1)
  7 hobgoblins
  2 jackals
  7 kobolds
  A quokka (D:2)
  5 bats
  2 frilled lizards (D:2)
  9 rats
43 creatures vanquished.

Notes
Turn   | Place    | Note
-------+----------+-------------------------------------------
     0 | D:1      | AarnesTheHuman the Hill Orc Fire Elementalist began the
                  | quest for the Orb.
     0 | D:1      | Reached XP level 1. HP: 14/14 MP: 3/3
   273 | D:1      | Reached XP level 2. HP: 14/22 MP: 2/4
   378 | D:1      | Learned a level 2 spell: Throw Flame
   540 | D:1      | Reached skill level 1 in Fighting
   724 | D:1      | Reached XP level 3. HP: 25/28 MP: 1/5
  1188 | D:2      | Noticed an ice beast
  1702 | D:2      | Learned a level 3 spell: Conjure Flame
  2063 | D:2      | Noticed Natasha
  2084 | D:1      | Slain by Natasha

Levels and vault maps discovered:
D:1:      lemuel_arrival_hallway, layout_loops_ring, minmay_small_reverse_x
D:2:      layout_basic, chequers_serial_rivers_micro_d, minmay_heptomino_w4,
          uniq_natasha

Skill      XL: |  1  2  3 |
---------------+----------+-----
Fighting       | 1 |  1.9
Spellcasting   | 2 |  2.0
Conjurations   | 2 |  2.0
Dodging        | |  1.5
Stealth        | |  1.5
Fire Magic     | |  3.8

Action                   || total
-------------------------++-------
Melee: Short sword       ||    77
       Unarmed           ||    13
 Cast: Flame Tongue      ||    43
       Throw Flame       ||    15
  Use: Potion            ||     2
  Eat: Chunk             ||     2
       Ration            ||     1
Armor: Robe              ||    15
Dodge: Dodged            ||    58

Table legend:
 A = Non-vault XP
 B = Vault XP
 C = Vault XP percentage of total XP
 D = Non-vault monster count
 E = Vault monster count
 F = Vault count percentage of total count
                 A         B        C        D         E       F
            +---------+---------+-------+---------+---------+-------
      Total |      55 |      24 |  30.4 |      33 |      10 |  23.3
            +---------+---------+-------+---------+---------+-------
        D:1 |      41 |      12 |  22.6 |      22 |       4 |  15.4
        D:2 |      14 |      12 |  46.2 |      11 |       6 |  35.3
            +---------+---------+-------+---------+---------+-------
